 Dungeon Crawl Stone Soup version 0.31-a0-841-g038b102fc3 (webtiles) character file.

Game seed: 3205669349490829134

224 CraigForest the Slasher (level 6, -1/47 HPs)
             Began as a Barachi Gladiator on Sept 27, 2023.
             Was a Follower of Zin.
             Slain by an endoplasm (2 damage)
             ... on level 4 of the Dungeon.
             The game lasted 00:10:43 (2822 turns).

CraigForest the Slasher (Barachi Gladiator)         Turns: 2822, Time: 00:10:43

Health: -1/47      AC:  5    Str: 16    XL:     6   Next: 0%
Magic:  7/7        EV: 13    Int:  8    God:    Zin [*.....]
Gold:   13         SH:  0    Dex: 15    Spells: 5/5 levels left

rFire   . . .        a - +1 long sword
rCold   . . .        (no shield)
rNeg    + . .        l - +2 robe {rN+}
rPois   .            c - +0 helmet
rElec   .            s - scarf {+Inv}
rCorr   .            (no gloves)
SInv    .            (no boots)
Will    .....        (no amulet)
Stlth   ++           (no ring)
HPRegen 0.27/turn    (no ring)
MPRegen 0.10/turn

%: no passive effects
@: lethally poisoned (-1 -> -4), slow
A: amphibious, slowness 1, strong legs 1, +LOS
a: Hop, Renounce Religion, Evoke Invisibility, Recite, Donate Gold


You were on level 4 of the Dungeon.
You worshipped Zin.
Zin was aware of your devotion.
You visited 1 branch of the dungeon, and saw 4 of its levels.

You collected 61 gold pieces.
You spent 42 gold pieces at shops.
You donated 6 gold pieces to Zin.

Inventory:

Hand Weapons
 a - a +1 long sword (weapon)
Missiles
 d - 2 throwing nets
 e - a javelin
Armour
 b - a +0 leather armour
 c - a +0 helmet (worn)
 f - a +0 chain mail
 l - a +2 robe of positive energy (worn)
 s - a scarf of invisibility (worn)
Jewellery
 r - a ring of magical power
Scrolls
 g - a scroll of amnesia
 i - a scroll of teleportation
 k - a scroll of torment {unknown}
 m - a scroll of poison {unknown}
 n - a scroll of enchant armour {unknown}
Potions
 j - a potion of brilliance
 o - a potion of might
 p - a potion of magic
 t - a potion of haste


   Skills:
 + Level 3.3 Fighting
 + Level 5.5 Long Blades
 + Level 2.0 Throwing
 * Level 2.3 Armour
 + Level 4.1 Dodging
 + Level 0.9 Stealth
 * Level 1.4 Invocations


You had 5 spell levels left.
You didn't know any spells.
Your spell library contained the following spells:

 Spells                   Type           Power      Damage    Failure   Level
 Vhi's Electric Charge    Tloc/Air       0%         N/A       99%         4
 Arcjolt                  Conj/Air       0%         1d10      100%        5
 Plasma Beam              Fire/Air       0%         2x1d10    100%        6


Dungeon Overview and Level Annotations

Branches:
Dungeon (4/15)
 Temple: D:4-7

Altars:
Ashenzari
Xom
Zin

Shops:
D:3 !


Innate Abilities, Weirdness & Mutations

You are amphibious.
You cover ground slowly.
You can hop short distances.
You have an extended range of vision and can be seen from far away.


Message History

The hobgoblin hits you but does no damage.
The goblin barely misses you.
The endoplasm attacks as it pursues you!
The endoplasm barely misses you.
The hobgoblin hits you but does no damage.
The goblin hits you but does no damage.
You feel sick. The adder attacks as it pursues you! The adder bites you.
You are more poisoned.
The adder poisons you! The endoplasm misses you.
You feel sick.
The endoplasm attacks as it pursues you!
The endoplasm closely misses you. The adder bites you.
* * * LOW HITPOINT WARNING * * *
You are more poisoned.
The adder poisons you!
* * * LOW HITPOINT WARNING * * *
You feel very sick. The hobgoblin hits you.
* * * LOW HITPOINT WARNING * * *
The goblin attacks as it pursues you! The goblin barely misses you.
* * * LOW HITPOINT WARNING * * *
You feel sick. The goblin attacks as it pursues you!
The goblin hits you but does no damage. The adder misses you.
* * * LOW HITPOINT WARNING * * *
You feel sick.
The hobgoblin attacks as it pursues you!
The hobgoblin closely misses you. The goblin hits you with a +0 club.
* * * LOW HITPOINT WARNING * * *
The adder closely misses you. The hobgoblin barely misses you.
Unknown command.
Unknown command.
Okay, then.
As you read the scroll labelled FALU WU YRGHIU, it crumbles to dust.
It is a scroll of enchant weapon.
Your +0 long sword glows red for a moment.
Zin protects you from harm! The adder bites you but does no damage.
The goblin hits you with a +0 club. Zin protects you from harm!
The hobgoblin closely misses you. The endoplasm hits you.
You die...

........ ...... ..#
#......##.. ..##
#..### .
........###..#
.......
...##.......##..#
....... ...........#
#..##.......
#...<.####...).......
#####.#............#
#..gS..........#
#..@g..(.........
##..J.)......#...
#....##......## .#
#..#..#.......#
###..##........#
###..$........>
..≈.8.≈..##.#
#..≈...≈......
..≈≈.≈≈....


You could see an adder, an endoplasm, a hobgoblin and a goblin.

Vanquished Creatures
  Jessica (D:2)
  Natasha (thrice) (D:2)
  Robin (D:3)
  3 adders (D:3)
  A worm (D:2)
  6 dart slugs
  7 endoplasms
  4 giant cockroaches
  12 goblins
  5 hobgoblins
  3 quokkas
  3 ball pythons
  7 bats
  2 frilled lizards
  12 kobolds
  3 rats
73 creatures vanquished.

Notes
Turn   | Place    | Note
-------+----------+-------------------------------------------
     0 | D:1      | CraigForest the Barachi Gladiator began the quest for the
                  | Orb.
     0 | D:1      | Reached XP level 1. HP: 17/17 MP: 1/1
   100 | D:1      | Reached XP level 2. HP: 23/23 MP: 2/2
   132 | D:1      | Reached skill level 4 in Long Blades
   436 | D:1      | Found a faded altar of an unknown god.
   443 | D:1      | Prayed at the altar of an unknown god.
   443 | D:1      | Became a worshipper of Zin the Law-Giver
   443 | D:1      | Reached * piety under Zin
   523 | D:1      | Reached XP level 3. HP: 24/28 MP: 3/3
  1060 | D:2      | Noticed Natasha
  1067 | D:2      | Killed Natasha
  1110 | D:2      | Reached XP level 4. HP: 30/35 MP: 4/4
  1186 | D:2      | Found a shimmering altar of Xom.
  1222 | D:2      | Noticed Jessica
  1233 | D:2      | Killed Jessica
  1234 | D:2      | Reached skill level 1 in Armour
  1576 | D:2      | Noticed Natasha
  1581 | D:2      | Killed Natasha
  1582 | D:2      | Reached skill level 5 in Long Blades
  1582 | D:2      | Reached skill level 1 in Invocations
  1582 | D:2      | Reached XP level 5. HP: 34/41 MP: 5/5
  1756 | D:2      | Noticed Natasha
  1779 | D:2      | Killed Natasha
  2238 | D:3      | Found Piafajub's Distillery.
  2241 | D:3      | Bought a potion of curing for 42 gold pieces
  2263 | D:3      | Identified the +1 falchion of the Turnip {distort, rF+}
  2327 | D:3      | Found a broken altar of Ashenzari.
  2327 | D:3      | Noticed Robin
  2353 | D:3      | Killed Robin
  2803 | D:4      | Reached XP level 6. HP: 47/47 MP: 7/7
  2821 | D:4      | HP: 1/47 [goblin/+0 club (2)]
  2822 | D:4      | Zin protects you from harm!
  2822 | D:4      | Zin protects you from harm!
  2822 | D:4      | Slain by an endoplasm

Illustrated notes

Levels and vault maps discovered:
D:1:      dpeg_arrival_three_same_balls, layout_basic,
          ebering_ecumenical_altar_rust
D:2:      layout_loops_ring, basic_altar, uniq_natasha, uniq_jessica
D:3:      minmay_angry_zag, layout_basic, cheibrodos_ashenzari_chains,
          serial_shops, nicolae_shop_real_fake_doors, uniq_robin
D:4:      layout_cave_pools, mainiacjoe_overflow_catwalk, doesnt_xom_only_xom,
          chequers_ossuary_entry_cave, portal_sewer_entry_b,
          corexii_leaking_fountain, uniq_menkaure

Skill      XL: |  1  2  3  4  5 |
---------------+----------------+-----
Long Blades    | 4 5 |  5.5
Fighting       | 3 |  3.3
Dodging        | 4 |  4.1
Armour         | 1 2 |  2.3
Invocations    | 1 |  1.4
Throwing       | |  2.0
Stealth        | |  0.9

Action                     |  1- 3 |  4- 6 || total
---------------------------+-------+-------++-------
  Melee: Long sword        |    74 |   137 ||   211
         Punch             |       |     1 ||     1
  Throw: Throwing net      |       |     4 ||     4
    Use: Scroll            |     3 |     5 ||     8
         Potion            |       |     2 ||     2
   Stab: Sleeping          |     1 |     4 ||     5
         Distracted        |       |     1 ||     1
 Armour: Leather armour    |    32 |       ||    32
         Chain mail        |     3 |    14 ||    17
         Robe              |       |    84 ||    84
  Dodge: Dodged            |    52 |   125 ||   177

Table legend: (Time is in decaauts)
 A = Elapsed time spent in this place.
 B = Non-inter-level travel time spent in this place.
 C = Inter-level travel time spent in this place.
 D = Time resting spent in this place.
 E = Time spent auto-exploring this place.
 F = Levels seen in this place.
 G = Mean time per level.
                   A        B        C        D        E       F      G
               +--------+--------+--------+--------+--------+-----+--------+
         Total |   3263 |   3115 |    148 |    100 |   2370 |   4 |  815.8 |
       Dungeon |   3263 |   3115 |    148 |    100 |   2370 |   4 |  815.8 |
               +--------+--------+--------+--------+--------+-----+--------+

Top non-repeatable levels by time:
     D:1: 1169 daAuts
     D:2: 1043 daAuts
     D:3: 1020 daAuts
     D:4: 29 daAuts
